 Dungeon Crawl Stone Soup version 0.20-a0-3-g334f831 (webtiles) character file.

159 dobroeutro the Ruffian (level 5, -1/49 HPs)
             Began as a Naga Monk on Oct 30, 2016.
             Slain by JustSomeDude's ghost (13 damage)
             ... on level 3 of the Dungeon.
             The game lasted 00:06:16 (2935 turns).

dobroeutro the Ruffian (Naga Monk)                  Turns: 2935, Time: 00:06:16

Health: -1/49      AC:  3    Str: 15    XL:     5   Next: 40%
Magic:  5/5        EV: 11    Int: 10    God:
Gold:   87         SH:  0    Dex: 13    Spells: 0 memorised, 4 levels left

rFire  . . .     SeeInvis +       - Unarmed
rCold  + . .     Gourm    .     a - +0 robe
rNeg   . . .     Faith    .     (no shield)
rPois  +         Spirit   .     t - +0 helmet
rElec  .         Reflect  .     (no cloak)
rCorr  .         Harm     .     (no gloves)
MR     .....                    (no barding)
Stlth  +++.......               (no amulet)
                                (no ring)
                                c - ring of protection from cold

@: very slow
A: see invisible, deformed body, poison resistance, slowness 2, slow metabolism
1, spit poison 1, AC +1
a: Spit Poison


You were on level 3 of the Dungeon.
You were not hungry.

You visited 1 branch of the dungeon, and saw 3 of its levels.

You collected 87 gold pieces.

Inventory:

Armour
 a - a +0 robe (worn)
 l - a +0 ring mail
 t - a +0 helmet (worn)
Jewellery
 c - a ring of protection from cold (left hand)
Scrolls
 e - a scroll of blinking {unknown}
 f - 2 scrolls of identify
 g - 2 scrolls of fog
 h - a scroll of amnesia {unknown}
 j - 2 scrolls of enchant weapon
 o - 2 scrolls of random uselessness
 r - a scroll of immolation {unknown}
 s - a scroll of teleportation {unknown}
 w - a scroll of fear {unknown}
 y - a scroll of enchant armour {unknown}
Potions
 i - a potion of curing
 k - a potion of resistance {unknown}
 m - 2 potions of mutation {unknown}
 p - a potion of heal wounds {unknown}
 u - 2 potions of degeneration {unknown}
 v - a potion of lignification {unknown}
Comestibles
 b - 6 bread rations
 d - a meat ration
 n - 4 fruits
 q - 2 beef jerkies
 x - 3 chunks of flesh


   Skills:
 + Level 3.5 Fighting
 + Level 1.3 Armour
 + Level 3.1 Dodging
 - Level 4.0 Stealth
 + Level 4.2 Unarmed Combat


You had 4 spell levels left.
You didn't know any spells.

Dungeon Overview and Level Annotations

Branches:
Dungeon (3/15)

Altars:
The Shining One

Annotations:
D:3 JustSomeDude's ghost, amateur DsFi


Innate Abilities, Weirdness & Mutations

You cannot wear boots.
Your serpentine skin is tough. (AC +1)
You have supernaturally acute eyesight. (SInv)
Armour fits poorly on your strangely shaped body.
Your system is resistant to poisons. (rPois)
You cover ground very slowly.
You have a slow metabolism.
You can spit poison.


Message History

It is a scroll of enchant weapon.
You aren't carrying any weapons that can be enchanted.
JustSomeDude's ghost hits you!
* * * LOW HITPOINT WARNING * * *
As you read the scroll labeled XEMEPT HESSAM, it crumbles to dust.
It is a scroll of identify.
i - 2 potions of curing JustSomeDude's ghost hits you.
* * * LOW HITPOINT WARNING * * *
You feel better. JustSomeDude's ghost hits you.
* * * LOW HITPOINT WARNING * * *
As you read the scroll labeled ZUNAIL DYMAA, it crumbles to dust.
Your hands glow bright yellow for a moment.
It was a scroll of random uselessness.
JustSomeDude's ghost closely misses you.
Okay, then.
As you read the scroll labeled VEVAOM MIARPH, it crumbles to dust.
The scroll dissolves into smoke.
It was a scroll of fog.
JustSomeDude's ghost hits you!
You die...

###### ####
#....#########################...
#.##..........§§@W§..........'...
#.##..########################...
#.##..# #... #.##..### #...
#.......+ #... ####..### #...
#..>..# #... ##..#.# #... #.(#.#
....


You could see JustSomeDude's ghost.

Vanquished Creatures
  Robin (D:2)
  8 adders
  2 worms (D:2)
  2 leopard geckos
  A ball python (D:3)
  5 giant cockroaches
  11 goblins
  9 hobgoblins
  4 jackals (D:3)
  6 kobolds
  A quokka (D:3)
  10 bats
  A frilled lizard (D:2)
  10 rats
71 creatures vanquished.

Notes
Turn   | Place    | Note
-------+----------+-------------------------------------------
     0 | D:1      | dobroeutro the Naga Monk began the quest for the Orb.
     0 | D:1      | Reached XP level 1. HP: 21/21 MP: 1/1
   141 | D:1      | Reached XP level 2. HP: 6/28 MP: 2/2
   756 | D:1      | Reached XP level 3. HP: 16/34 MP: 3/3
  1532 | D:2      | Reached XP level 4. HP: 33/42 MP: 4/4
  1597 | D:2      | Reached skill level 1 in Armour
  1903 | D:2      | Noticed Robin
  1916 | D:2      | Killed Robin
  2450 | D:2      | Found a glowing golden altar of the Shining One.
  2556 | D:3      | Noticed JustSomeDude's ghost (amateur DsFi)
  2669 | D:3      | Reached XP level 5. HP: 49/49 MP: 5/5
  2935 | D:3      | Slain by JustSomeDude's ghost

Vault maps used:
D:1:      elethiomel_arrival_shortcut, serial_forest,
          infiniplex_forest_lined_ring, infiniplex_forest_corner_1,
          infiniplex_forest_lined_corner, infiniplex_forest_clump_small,
          infiniplex_forest_lined_3, infiniplex_forest_lined_2,
          infiniplex_forest_lined_3, infiniplex_forest_clump_curved,
          infiniplex_forest_clump_diagonal, infiniplex_forest_end_1
D:2:      tso_altar, uniq_robin
D:3:      kennysheep_six_static_rooms, minmay_misc_feat_five,
          serial_park_tiny_2, doesnt_xom_only_xom

Skill      XL: |  1  2  3  4 |
---------------+-------------+-----
Armour         | 1 |  1.3
Unarmed Combat | 4 |  4.2
Stealth        | 4 |  4.0
Dodging        | 3 |  3.1
Fighting       | |  3.5

Action                   |  1- 3 |  4- 6 || total
-------------------------+-------+-------++-------
Melee: Unarmed           |    96 |   101 ||   197
       Punch             |     1 |     1 ||     2
 Abil: Spit Poison       |    20 |    19 ||    39
  Use: Scroll            |       |     4 ||     4
       Potion            |       |     1 ||     1
 Stab: Sleeping          |     1 |     5 ||     6
  Eat: Chunk             |     1 |     6 ||     7
Armor: Robe              |    15 |    22 ||    37
Dodge: Dodged            |    50 |    63 ||   113
